 Dungeon Sprint DCSS version 0.19-a0-473-g3ac10ee (webtiles) character file.

273 Moox the Cruncher (level 6, -9/48 HPs)
             Began as a Demonspawn Gladiator on June 4, 2016.
             Was an Initiate of Hepliaklqana.
             Mangled by a yak (12 damage)
             ... in the Dungeon (Sprint IX: "|||||||||||||||||||||||||||||").
             The game lasted 00:01:39 (219 turns).

Moox the Cruncher (Demonspawn Gladiator)             Turns: 219, Time: 00:01:39

Health: -9/48      AC:  9    Str: 16    XL:     6   Next: 2%
Magic:  4/9        EV: 17    Int: 12    God:    Hepliaklqana [......]
Gold:   0          SH:  0    Dex: 15    Spells: 0 memorised, 5 levels left

rFire  . . .     SeeInvis .     p - +4 quarterstaff (speed)
rCold  . . .     Gourm    .     s - +2 ring mail
rNeg   . . .     Faith    .     (shield currently unavailable)
rPois  .         Spirit   .     (helmet restricted)
rElec  .         Dismiss  .     (no cloak)
rCorr  .         Reflect  .     r - +0 pair of gloves
SustAt .         Harm     .     q - +0 pair of boots
MR     .....     NoTele   +     (no amulet)
Stlth  +.........               t - +2 ring of evasion
                                u - +3 ring of intelligence

@: not resistant to hostile enchantments, very unstealthy
A: antennae 1, sturdy frame 2
a: Recall Ancestor, Ancestor Identity, Renounce Religion


You were in the Dungeon.
You worshipped Hepliaklqana.
Hepliaklqana was noncommittal.
You were not hungry.

You visited 1 branch

Inventory:

Hand Weapons
 p - a +4 quarterstaff of speed (weapon)
Missiles
 d - 3 throwing nets (quivered)
Armour
 c - a +0 helmet
 q - a +0 pair of boots (worn)
 r - a +0 pair of gloves (worn)
 s - a +2 ring mail (worn)
Magical Staves
 o - an uncursed staff of energy
Jewellery
 t - a +2 ring of evasion (right hand)
 u - a +3 ring of intelligence (left hand)
Wands
 n - a wand of lightning (2/15)
Scrolls
 k - 2 scrolls of blinking
 l - 3 scrolls of remove curse
 m - 2 scrolls of amnesia
Potions
 e - 5 potions of curing
 g - 3 potions of heal wounds
 h - a potion of haste
 i - 4 potions of magic
 j - a potion of invisibility
Comestibles
 f - a bread ration


   Skills:
 + Level 4.1 Fighting
 + Level 8.1 Staves
 + Level 3.3 Throwing
 + Level 1.8 Armour
 + Level 6.7 Dodging
 * Level 4.3 Invocations
 + Level 0.6 Evocations


You had 5 spell levels left.
You didn't know any spells.

Dungeon Overview and Level Annotations

Branches:
Dungeon (1/1)

Altars:
Cheibriados
Dithmenos
Elyvilon
Fedhas
Gozag
Hepliaklqana
Kikubaaqudgha
Makhleb
Nemelex Xobeh
Okawaru
Pakellas
Qazlal
Ru
Sif Muna
Trog
Uskayaw
Vehumet
Xom
Yredelemnul
Zin
The Shining One
Beogh
Jiyva
Lugonu


Innate Abilities, Weirdness & Mutations

You have a pair of small antennae on your head.
Your movements are less encumbered by armour. (ER -4)


Message History

You have reached level 6!
Your experience leads to an increase in your attributes!
Your base attributes are Str 16, Int 9, Dex 14.
Increase (S)trength, (I)ntelligence, or (D)exterity?
You feel agile.
Evoke which item? (* to show all) (? for menu, Esc to quit)
Zapping:
n - a wand of lightning (3/15)
Press: ? - help, Shift-Dir - straight line, f - yak
Aim: a yak (moderately wounded)
You hear a mighty clap of thunder!
The bolt of lightning misses the yak.
The bolt of lightning misses the adder.
This wand has 2 charges left.
The yak gores you!
* * * LOW HITPOINT WARNING * * *
Unknown command.
You thump the yak!
The yak is heavily wounded.
You hit the yak.
The yak is severely wounded.
The yak gores you!
You die...

▓'▓
▓.▓
▓.▓
▓.▓
▓)▓
▓.▓
▓.▓
▓.▓
▓@▓
▓Y▓
▓S▓
▓.▓
▓.▓
▓.▓
▓†▓
▓.▓
▓.▓


You could see a yak and an adder.

Vanquished Creatures
  2 ogres (D)
  A big kobold (D)
  A worker ant (D)
  An adder (D)
  2 adder skeletons (D)
  An orc (D)
  A giant cockroach (D)
  2 goblins (D)
  A hobgoblin (D)
  A giant newt (D)
  A rat (D)
14 creatures vanquished.

Vanquished Creatures (others)
  An ancestor (D)
1 creature vanquished.

Grand Total: 15 creatures vanquished

Notes
Turn   | Place    | Note
--------------------------------------------------------------
     0 | D        | Moox the Demonspawn Gladiator began the quest for the Orb.
     0 | D        | Reached XP level 1. HP: 16/16 MP: 1/1
     7 | D        | Reached skill level 3 in Staves
    62 | D        | Noticed an ogre
    62 | D        | Noticed a worker ant
    67 | D        | Reached skill level 4 in Staves
    67 | D        | Gained mutation: You have a pair of small antennae on your head. [demonic ancestry]
    67 | D        | Reached XP level 2. HP: 23/23 MP: 2/2
    73 | D        | Killed an ogre
    73 | D        | Reached skill level 6 in Staves
    73 | D        | Reached skill level 5 in Dodging
    73 | D        | Gained mutation: Your movements are slightly less encumbered by armour. (ER -2) [demonic ancestry]
    73 | D        | Reached XP level 3. HP: 29/29 MP: 3/3
    73 | D        | Gained mutation: Your movements are less encumbered by armour. (ER -4) [demonic ancestry]
    73 | D        | Reached XP level 4. HP: 35/35 MP: 4/4
    77 | D        | Reached skill level 7 in Staves
    77 | D        | Reached skill level 1 in Armour
   122 | D        | Found a glowing silver altar of Zin.
   122 | D        | Found a glowing golden altar of the Shining One.
   122 | D        | Found an ancient bone altar of Kikubaaqudgha.
   122 | D        | Found a basalt altar of Yredelemnul.
   122 | D        | Found a shimmering altar of Xom.
   122 | D        | Found a radiant altar of Vehumet.
   123 | D        | Found an iron altar of Okawaru.
   124 | D        | Found a burning altar of Makhleb.
   125 | D        | Found a deep blue altar of Sif Muna.
   126 | D        | Found a bloodstained altar of Trog.
   127 | D        | Found a sparkling altar of Nemelex Xobeh.
   128 | D        | Found a white marble altar of Elyvilon.
   129 | D        | Found a roughly hewn altar of Beogh.
   130 | D        | Found a viscous altar of Jiyva.
   131 | D        | Found a corrupted altar of Lugonu.
   132 | D        | Found a blossoming altar of Fedhas.
   133 | D        | Found a snail-covered altar of Cheibriados.
   134 | D        | Found a shadowy altar of Dithmenos.
   135 | D        | Found a stormy altar of Qazlal.
   136 | D        | Found an opulent altar of Gozag.
   137 | D        | Found a sacrificial altar of Ru.
   138 | D        | Found an oddly glowing altar of Pakellas.
   139 | D        | Found a hide-covered altar of Uskayaw.
   140 | D        | Found a hazy altar of Hepliaklqana.
   148 | D        | Became a worshipper of Hepliaklqana
   195 | D        | Noticed an ogre
   195 | D        | Noticed a big kobold
   195 | D        | Noticed a yak
   207 | D        | Killed an ogre
   207 | D        | Reached XP level 5. HP: 14/42 MP: 4/7
   216 | D        | Reached skill level 8 in Staves
   216 | D        | Reached XP level 6. HP: 13/48 MP: 4/9
   219 | D        | Mangled by a yak

Vault maps used:
D:        linesprint

Skill      XL: |  1  2  3  4  5 |
---------------+----------------+-----
Staves         | 4 6 7 8 |  8.1
Dodging        | 3 5 6 |  6.7
Throwing       | 2 3 |  3.3
Fighting       | 3 4 |  4.1
Armour         | 1 |  1.8
Invocations    | 3 4 |  4.3
Evocations     | |  0.6

Action                   |  1- 3 |  4- 6 || total
-------------------------+-------+-------++-------
Melee: Quarterstaff      |    17 |    15 ||    32
Evoke: Wand              |       |     5 ||     5
  Use: Potion            |     1 |       ||     1
Armor: Leather armour    |     3 |       ||     3
Dodge: Dodged            |     7 |     3 ||    10
